Map: 匹昂台地

Players

iGMacSed

  • Race: Protoss Protoss
  • League: Master

iGRushcrazy

  • Race: Protoss Protoss
  • League: Master

iGXiGua

  • Race: Zerg Zerg
  • League: Master

iGJim

  • Race: Zerg Zerg
  • League: Master

Event: GPL 2015 - Grand Finals

VOD

Have the link to the VOD?

Description

Time

  • Played on: Jan. 24, 2016, 1:37 a.m.
  • Length: 5:51

All games in this series

Show
View Real Time Build Order
Export as new Build Order

iGMacSed Protoss 

Build Orders: 1 Gate Expand 

Get SALT Encoding   

  12  0:01  Probe (Chrono Boost)  
  13  0:11  Probe (Chrono Boost)  
  14  0:17  Pylon  
  14  0:22  Probe (Chrono Boost)  
  15  0:35  Probe (Chrono Boost)  
  16  0:37  Gateway  
  16  0:46  Probe (Chrono Boost)  
  16  0:48  Assimilator  
  17  0:56  Probe (Chrono Boost)  
  18  1:07  Probe (Chrono Boost)  
  19  1:17  Probe (Chrono Boost)  
  20  1:23  Nexus  
  20  1:31  Cybernetics Core  
  20  1:35  Probe (Chrono Boost)  
  21  1:41  Assimilator  
  21  1:45  Probe (Chrono Boost)  
  22  1:50  Pylon  
  22  1:56  Probe (Chrono Boost)  
  23  2:04  Stalker  
  24  2:09  Warp Gate  
  24  2:10  Probe (Chrono Boost)  
  26  2:22  Probe (Chrono Boost), Pylon  
  27  2:33  Probe (Chrono Boost)  
  27  2:34  Robotics Facility  
  29  2:37  Probe (Chrono Boost)  
  29  2:44  Probe (Chrono Boost)  
  30  2:46  Adept  
  30  2:49  Probe (Chrono Boost)  
  33  2:54  Probe (Chrono Boost)  
  34  2:59  Probe (Chrono Boost)  
  37  3:05  Mothership Core (Chrono Boost)  
  37  3:10  Probe (Chrono Boost)  
  37  3:12  Gateway  
  38  3:16  Pylon  
  38  3:20  Probe (Chrono Boost)  
  38  3:23  Probe (Chrono Boost)  
  40  3:31  Probe (Chrono Boost), Robotics Bay  
  42  3:34  Probe (Chrono Boost)  
  42  3:38  Warp Prism  
  43  3:41  Probe (Chrono Boost)  
  43  3:46  Probe (Chrono Boost)  
  46  3:51  Assimilator  
  46  3:52  Probe (Chrono Boost)  
  46  3:53  Pylon  
  47  3:58  Probe (Chrono Boost), Assimilator  
  47  4:02  Probe (Chrono Boost)  
  45  4:10  Probe (Chrono Boost)  
  45  4:13  Probe (Chrono Boost)  
  45  4:15  Disruptor, Pylon  
  46  4:22  Probe (Chrono Boost)  
  50  4:24  Probe (Chrono Boost)  
  50  4:25  Adept  
  50  4:29  Adept  
  53  4:35  Probe (Chrono Boost)  
  53  4:37  Gateway  
  52  4:41  Pylon  
  52  4:44  Gateway  
  49  4:50  Adept  
  46  5:07  Probe (Chrono Boost)  
  46  5:12  Adept  
  45  5:14  Probe (Chrono Boost)  
  45  5:20  Probe (Chrono Boost)  
  45  5:25  Probe (Chrono Boost)  
  45  5:27  Pylon  
  46  5:29  Pylon  
Show
View Real Time Build Order
Export as new Build Order

iGRushcrazy Protoss 

Build Orders:  

Get SALT Encoding   

  12  0:00  Drone  
  13  0:08  Drone  
  14  0:16  Overlord  
  14  0:24  Extractor, Drone  
  15  0:34  Drone  
  15  0:35  Drone  
  17  0:56  Hatchery, Drone  
  17  1:00  Drone  
  18  1:06  Drone  
  19  1:15  Extractor  
  18  1:19  Spawning Pool  
  18  1:22  Drone  
  18  1:27  Drone  
  19  1:38  Drone  
  20  1:48  Overlord  
  20  2:05  Queen  
  20  2:07  Queen  
  20  2:08  Drone, Zergling x2  
  25  2:11  Drone  
  27  2:17  Metabolic Boost  
  27  2:21  Drone  
  28  2:23  Drone  
  28  2:29  Drone  
  30  2:31  Zergling x2  
  31  2:40  Zergling x2  
  32  2:45  Hatchery  
  32  2:49  Evolution Chamber  
  32  2:50  Drone  
  31  2:54  Overlord  
  31  2:55  Drone  
  32  3:03  Zergling x4  
  34  3:15  Zergling x14  
  34  3:17  Overlord  
  41  3:25  Drone  
  41  3:26  Queen  
  44  3:33  Overlord  
  44  3:38  Zergling x4  
  46  3:45  Zergling x6  
  49  3:50  Zergling x2  
  49  3:51  Zergling x4  
  49  3:54  Overlord  
  51  3:56  Zergling x2  
  51  4:01  Zergling x2  
  52  4:06  Zergling x4  
  53  4:11  Zergling x2  
  53  4:13  Baneling Nest  
  53  4:14  Zergling x4  
  53  4:23  Zergling x8  
  56  4:28  Zergling x2  
  56  4:35  Zergling x6  
  56  4:40  Zergling x4  
  56  4:43  Zergling x4  
  56  4:45  Zergling x2  
  57  4:49  Zergling x4  
  57  4:50  Zergling x4  
  59  4:54  Zergling x2  
  59  4:55  Zergling x4  
  59  4:56  Zergling x4  
  59  4:58  Overlord  
  63  5:04  Zergling x2  
  64  5:09  Zergling x4  
  64  5:15  Zergling x12  
  67  5:23  Zergling x2  
  67  5:27  Zergling x4  
  69  5:28  Overlord  
  69  5:30  Zergling x2  
Show
View Real Time Build Order
Export as new Build Order

iGXiGua Zerg 

Build Orders:  

Get SALT Encoding   

Show
View Real Time Build Order
Export as new Build Order

iGJim Zerg 

Build Orders:  

Get SALT Encoding   

Tags
 
Add a new tag
Caveats
  • Supply blocks, unpowered buildings, or Contaminate may cause inaccurate times.
  • Supply counts are checked every 10 seconds.